 Dungeon Crawl Stone Soup version 0.32-a0-12-g7fc57aa741 (webtiles) character file.

Game seed: 17112778751876057374

409 anacleto the Changeling (level 6, -3/87 HPs)
             Began as a Troll Shapeshifter on Jan 15, 2024.
             Slain by an iguana (5 damage)
             ... on level 4 of the Dungeon.
             The game lasted 00:10:17 (3578 turns).

anacleto the Changeling (Troll Shapeshifter)        Turns: 3578, Time: 00:10:19

Health: -3/87      AC: 23    Str: 25    XL:     6   Next: 58%
Magic:  5/5        EV:  1    Int:  6    God:
Gold:   209        SH:  0    Dex:  9    Spells: 5/5 levels left

rFire   . . .        p - +7 Throatcutter {drain, coup de grace}
rCold   . . .        (no shield)
rNeg    . . .        a - melded +0 animal skin
rPois   +            (helmet currently unavailable)
rElec   .            (cloak currently unavailable)
rCorr   .            (gloves unavailable)
SInv    .            (boots unavailable)
Will    .....        (no amulet)
Stlth   +            (no ring)
HPRegen 1.14/turn    (no ring)
MPRegen 0.09/turn

%: no passive effects
@: on fire, tree-form, glowing
A: stationary, stasis, torment immunity, boosted hp, large, unfitting armour,
(claws 3), regeneration 1, (shaggy fur 1), (tough skin 1)
a: no special abilities


You were on level 4 of the Dungeon.
You were a tree.
You visited 1 branch of the dungeon, and saw 5 of its levels.

You collected 209 gold pieces.

Inventory:

Hand Weapons
 p - the +7 Throatcutter (weapon) {drain, coup de grace}
   (You took it off Terence on level 3 of the Dungeon)
Missiles
 k - 14 poisoned darts (quivered)
Armour
 a - a +0 animal skin (melded)
Talismans
 c - a beast talisman (active)
 d - a flux talisman
Scrolls
 e - a scroll of fear
 h - a scroll of poison {unknown}
 i - a scroll of blinking {unknown}
 l - 2 scrolls of torment {unknown}
 m - 3 scrolls of amnesia
 n - 2 scrolls of teleportation {unknown}
 o - 2 scrolls of vulnerability {unknown}
 r - a scroll of identify
Potions
 f - 2 potions of berserk rage {unknown}
 g - a potion of magic
 j - a potion of mutation
 q - a potion of degeneration {unknown}


   Skills:
 + Level 2.3 Fighting
 + Level 1.6 Throwing
 + Level 2.7 Dodging
 + Level 4.2 Unarmed Combat
 * Level 4.7 Shapeshifting


You had 5 spell levels left.
You didn't know any spells.
Your spell library contained the following spells:

 Spells                   Type           Power      Damage    Failure   Level
 Magic Dart               Conj           0%         1d3       45%         1
 Sandblast                Erth           0%         2d4       45%         1
 Blink                    Tloc           0%         N/A       58%         2
 Call Imp                 Summ           0%         N/A       58%         2
 Ensorcelled Hibernation  Hex/Ice        0%         N/A       58%         2
 Lesser Beckoning         Tloc           0%         N/A       58%         2
 Momentum Strike          Conj/Tloc      0%         3d8       58%         2
 Passwall                 Erth           0%         N/A       83%         3
 Stone Arrow              Conj/Erth      0%         3d7       83%         3
 Swiftness                Air            0%         N/A       83%         3
 Brom's Barrelling Bould  Conj/Erth      0%         2d3       99%         4


Dungeon Overview and Level Annotations

Branches:
Dungeon (5/15)
 Temple: D:4-7

Altars:
Elyvilon
Uskayaw

Shops:
D:2 [   D:3 [


Innate Abilities, Weirdness & Mutations

You are a tree.
Your roots penetrate the ground, keeping you stationary.
You cannot be teleported.
You are immune to unholy pain and torment.
Your maximum health is greatly increased.
Your equipment is partially melded.
You are too large for most types of armour.
((You have claws for hands.))
Your natural rate of healing is unusually fast.
((You are covered in fur. (AC +1)))
((You have tough skin. (AC +1)))


Message History

The adder poisons you! The iguana barely misses you. The iguana bites you.
You climb upwards.
You feel sick.
There is a stone staircase leading down, spattered with blood here.
Unknown command.
You slash the bombardier beetle!
The bombardier beetle is heavily wounded.
You feel sick. The adder closely misses you. The iguana barely misses you.
The iguana bites you. The adder closely misses you.
The bombardier beetle sprays incendiary fluid at you.
The burning spray hits you.
You are covered in liquid fire!
You slash the bombardier beetle!
You kill the bombardier beetle!
The liquid fire burns you!
You feel sick.
You are no longer poisoned.
The adder closely misses you. The iguana barely misses you.
The iguana closely misses you. The adder barely misses you.
The iguana bites you but does no damage.
The iguana bites you.
You barely miss the iguana. Your claw misses the iguana.
The liquid fire burns you! The adder bites you but does no damage.
The iguana bites you! The iguana misses you. The adder barely misses you.
You hit the iguana but do no damage. The liquid fire burns you!
The adder bites you. The iguana bites you. The iguana bites you!
* * * LOW HITPOINT WARNING * * *
The adder closely misses you. The iguana bites you.
* * * LOW HITPOINT WARNING * * *
The iguana bites you!
* * * LOW HITPOINT WARNING * * *
Your transformation has ended.
You turn into a tree.
Your +0 animal skin melds into your body.
Your roots penetrate the ground.
The liquid fire burns you!
* * * LOW HITPOINT WARNING * * *
The adder bites you but does no damage. The iguana bites you.
You die...

..######.## ##..##
#.........####.### ###
....######....## #.#
...## ###.## #.# ....#
#..## #.# ....#####
##.)## ##.#
........#####...###..##
.................#....###
....###........l♣).###..#
....# ##.......Sl†## ####
...## #..........# ...#
##..........##
...####..#.##......#
...........###.....#
...........##...#..##
..PPPPPPP..##..###.<#
..PPPPPPP..#..## ##.##


You could see 2 iguanas and an adder.

Vanquished Creatures
  A scorpion (D:4)
  2 orc priests
  A bombardier beetle (D:4)
  A hound (D:4)
  Terence (D:3)
  2 iguanas (D:4)
  Robin (D:3)
  3 adders
  2 dart slugs (D:1)
  2 ribbon worms
  13 orcs
  6 bats
  6 endoplasms
  A giant cockroach (D:1)
  18 goblins
  8 hobgoblins
  7 jackals
  2 quokkas (D:4)
  8 ball pythons
  4 frilled lizards
  5 kobolds
  4 rats
98 creatures vanquished.

Notes
Turn   | Place    | Note
-------+----------+-------------------------------------------
     0 | D:1      | anacleto the Troll Shapeshifter began the quest for the
                  | Orb.
     0 | D:1      | Reached XP level 1. HP: 18/18 MP: 0/0
   107 | D:1      | Reached skill level 1 in Fighting
   107 | D:1      | Reached XP level 2. HP: 27/27 MP: 1/1
   357 | D:1      | Reached XP level 3. HP: 33/33 MP: 2/2
   771 | D:2      | Reached XP level 4. HP: 41/41 MP: 3/3
   894 | D:2      | Identified the +10 short sword of Fydosas {flame, rPois rC+
                  | Str+3 Dex-2}
   979 | D:2      | Found Zeam's Armour Boutique.
  1483 | D:3      | Found Monaal's Armour Emporium.
  1498 | D:3      | Found the +1 Delatra's gloves {ID++}
  1856 | D:3      | Noticed Terence
  1860 | D:3      | Killed Terence
  1861 | D:3      | Reached XP level 5. HP: 30/49 MP: 4/4
  1981 | D:3      | Identified the +2 scale mail of Valiance {rF+ Stlth+}
  2017 | D:3      | Noticed Robin
  2070 | D:3      | Reached skill level 1 in Throwing
  2076 | D:3      | Killed Robin
  2611 | D:4      | Found a hide-covered altar of Uskayaw.
  2620 | D:4      | Reached XP level 6. HP: 54/57 MP: 5/5
  2781 | D:4      | Found a white marble altar of Elyvilon.
  3544 | D:5      | Entered Level 5 of the Dungeon
  3578 | D:4      | HP: 1/87 [burnt (4)]
  3578 | D:4      | Slain by an iguana

Illustrated notes

Levels and vault maps discovered:
D:1:      dpeg_arrival_fog, layout_basic, minmay_heptomino_w4
D:2:      cheibrodos_pilgrimage, layout_loops_ring, serial_shops, shop,
          minmay_distorted
D:3:      layout_basic, serial_shops, shop, uniq_robin, uniq_terence
D:4:      layout_layer_cave, mainiacjoe_overflow_chevrons,
          mainiacjoe_overflow_surrounded_room
D:5:      minmay_spotlight, layout_basic, nemelex_spade_bored_becter,
          nicolae_fountain_basement

Skill      XL: |  1  2  3  4  5 |
---------------+----------------+-----
Fighting       | 1 2 |  2.3
Dodging        | 2 |  2.7
Shapeshifting  | 4 |  4.7
Throwing       | 1 |  1.6
Unarmed Combat | 4 |  4.2

Action                     |  1- 3 |  4- 6 || total
---------------------------+-------+-------++-------
  Melee: Unarmed           |    88 |    47 ||   135
         Punch             |     3 |     3 ||     6
         Short sword       |       |    12 ||    12
         Long sword        |       |    76 ||    76
  Throw: Dart              |       |     1 ||     1
Ability: Begin Untransform |       |     1 ||     1
    Use: Scroll            |       |     5 ||     5
         Potion            |       |     1 ||     1
 Armour: Animal skin       |    64 |    98 ||   162
         Skin              |       |     2 ||     2
  Dodge: Dodged            |    41 |    96 ||   137
   Form: Beast             |       |     1 ||     1

Table legend: (Time is in decaauts)
 A = Elapsed time spent in this place.
 B = Non-inter-level travel time spent in this place.
 C = Inter-level travel time spent in this place.
 D = Time resting spent in this place.
 E = Time spent auto-exploring this place.
 F = Levels seen in this place.
 G = Mean time per level.
                   A        B        C        D        E       F      G
               +--------+--------+--------+--------+--------+-----+--------+
         Total |   3597 |   3495 |    102 |     21 |   2573 |   5 |  719.4 |
       Dungeon |   3597 |   3495 |    102 |     21 |   2573 |   5 |  719.4 |
               +--------+--------+--------+--------+--------+-----+--------+

Top non-repeatable levels by time:
     D:4: 1201 daAuts
     D:3: 1029 daAuts
     D:2: 695 daAuts
     D:1: 666 daAuts
     D:5: 5 daAuts
